 Dungeon Sprint DCSS version 0.31-a0-716-gc7603755dd (webtiles) character file.

Game seed: 3264902237156230265

1084 rocky1 the Basher (level 8, -3/92 HPs)
             Began as an Ogre Gladiator on Sept 11, 2023.
             Was an Initiate of Gozag.
             Slain by a troll (4 damage)
             ... in the Dungeon (Sprint IX: "|||||||||||||||||||||||||||||").
             The game lasted 00:01:22 (417 turns).

rocky1 the Basher (Ogre Gladiator)                   Turns: 417, Time: 00:01:23

Health: -3/92      AC:  4    Str: 21    XL:     8   Next: 30%
Magic:  8/8        EV: 13    Int:  9    God:    Gozag
Gold:   0          SH:  0    Dex: 10    Spells: 7/7 levels left

rFire   . . .        q - +2 dire flail (heavy)
rCold   . . .        (shield currently unavailable)
rNeg    . . .        b - +0 robe
rPois   .            c - +0 hat
rElec   .            p - +0 cloak
rCorr   .            (gloves unavailable)
SInv    .            (boots unavailable)
Will    .....        (no amulet)
Stlth   ++           (no ring)
HPRegen 0.35/turn    (no ring)
MPRegen 0.11/turn

%: no teleportation
@: lethally poisoned (-3 -> -11), gold aura, hasted and slowed
A: large, unfitting armour, tough skin 1
a: Renounce Religion, Potion Petition, Call Merchant, Bribe Branch


You were in the Dungeon.
You worshipped Gozag.
Gozag was noncommittal.
You visited 1 branch

Inventory:

Hand Weapons
 a - a +0 flail
 q - a +2 heavy dire flail (weapon)
Missiles
 d - 3 throwing nets (quivered)
 e - a large rock
Armour
 b - a +0 robe (worn)
 c - a +0 hat (worn)
 p - a +0 cloak (worn)
Jewellery
 n - a +2 ring of protection
 o - a +2 ring of evasion
Wands
 m - a wand of acid (10)
Scrolls
 k - 2 scrolls of blinking
 l - 2 scrolls of amnesia
Potions
 i - 4 potions of magic


   Skills:
 + Level 9.2 Fighting
 + Level 10.7 Maces & Flails
 + Level 5.6 Throwing
 + Level 10.1 Dodging
 + Level 1.6 Stealth


You had 7 spell levels left.
You didn't know any spells.
Your spell library was empty.

Dungeon Overview and Level Annotations

Branches:
Dungeon (1/1)

Altars:
Cheibriados
Dithmenos
Elyvilon
Fedhas
Gozag
Hepliaklqana
Kikubaaqudgha
Makhleb
Nemelex Xobeh
Okawaru
Qazlal
Ru
Sif Muna
Trog
Uskayaw
Vehumet
Wu Jian
Xom
Yredelemnul
Zin
The Shining One
Jiyva
Lugonu


Innate Abilities, Weirdness & Mutations

You are too large for most types of armour.
You have tough skin. (AC +1)


Message History

Unknown command.
You feel better.
You flicker back into view.
The hornet barely misses you.
Unknown command.
You closely miss the hornet.
The hornet is almost dead.
The hornet stings you!
* * * LOW HITPOINT WARNING * * *
You are lethally poisoned!
You feel yourself slow down.
Unknown command.
You feel better. The hornet misses you. The hornet stings you.
* * * LOW HITPOINT WARNING * * *
You are poisoned.
You feel as though you will be slow longer.
Unknown command.
You barely miss the hornet.
The hornet is almost dead.
You feel very sick. The hornet stings you.
* * * LOW HITPOINT WARNING * * *
You are lethally poisoned!
You feel as though you will be slow longer.
The hornet misses you.
You bludgeon the hornet!!
You kill the hornet!
* * * LOW HITPOINT WARNING * * *
You feel very sick.
The acid dragon is distracted by your dazzling golden aura.
Your Fighting skill increases to level 9!
Your Dodging skill increases to level 10!
Unknown command.
You barely miss the troll.
* * * LOW HITPOINT WARNING * * *
You feel very sick. The troll misses you.
The troll claws you but does no damage. The troll claws you.
You die...
Your body crumbles into a pile of gold. ▓▓▓▓▓▓▓▓▓▓▓▓▓▓▓▓▓▓▓▓▓▓ +D.oT@.$..[.[.)..'____ ▓▓▓▓▓▓▓▓▓▓▓▓▓▓▓▓▓▓▓▓▓▓

You could see a troll, an orc warrior and an acid dragon (unaware).

Vanquished Creatures
  A two-headed ogre (D)
  A hornet (D)
  A water moccasin (D)
  An orc warrior (D)
  A scorpion (D)
  An orc priest (D)
  A gnoll (D)
  An orc (D)
  A kobold (D)
  A ball python (D)
  2 frilled lizards (D)
  A rat (D)
13 creatures vanquished.

Notes
Turn   | Place    | Note
-------+----------+-------------------------------------------
     0 | D        | rocky1 the Ogre Gladiator began the quest for the Orb.
     0 | D        | Reached XP level 1. HP: 22/22 MP: 1/1
   124 | D        | Noticed a scorpion
   124 | D        | Noticed a water moccasin
   124 | D        | Noticed an orc priest
   129 | D        | Reached XP level 2. HP: 25/31 MP: 2/2
   130 | D        | Reached XP level 3. HP: 32/39 MP: 3/3
   133 | D        | Killed a water moccasin
   134 | D        | Reached skill level 5 in Fighting
   134 | D        | Reached XP level 4. HP: 42/50 MP: 4/4
   134 | D        | Reached XP level 5. HP: 48/57 MP: 5/5
   141 | D        | Found a snail-covered altar of Cheibriados.
   141 | D        | Found a shadowy altar of Dithmenos.
   141 | D        | Found a white marble altar of Elyvilon.
   141 | D        | Found a blossoming altar of Fedhas.
   141 | D        | Found an opulent altar of Gozag.
   321 | D        | Found a hazy altar of Hepliaklqana.
   322 | D        | Found a viscous altar of Jiyva.
   323 | D        | Found an ancient bone altar of Kikubaaqudgha.
   324 | D        | Found a corrupted altar of Lugonu.
   325 | D        | Found a burning altar of Makhleb.
   326 | D        | Found a sparkling altar of Nemelex Xobeh.
   327 | D        | Found an iron altar of Okawaru.
   328 | D        | Became a worshipper of Gozag Ym Sagoz the Greedy
   329 | D        | Found a stormy altar of Qazlal.
   330 | D        | Found a sacrificial altar of Ru.
   331 | D        | Found a shimmering blue altar of Sif Muna.
   332 | D        | Found a bloodstained altar of Trog.
   333 | D        | Found a hide-covered altar of Uskayaw.
   334 | D        | Found a radiant altar of Vehumet.
   335 | D        | Found an ornate altar of the Wu Jian Council.
   336 | D        | Found a shimmering altar of Xom.
   337 | D        | Found a basalt altar of Yredelemnul.
   338 | D        | Found a glowing silver altar of Zin.
   339 | D        | Found a glowing golden altar of the Shining One.
   383 | D        | Noticed an acid dragon
   383 | D        | Noticed an orc warrior
   383 | D        | Noticed a troll
   383 | D        | Noticed a hornet
   383 | D        | Noticed an orc warrior
   383 | D        | Noticed a two-headed ogre
   397 | D        | Killed a two-headed ogre
   398 | D        | Reached skill level 10 in Maces & Flails
   398 | D        | Reached skill level 5 in Throwing
   398 | D        | Reached skill level 1 in Stealth
   398 | D        | Reached XP level 6. HP: 22/74 MP: 6/6
   398 | D        | Reached XP level 7. HP: 24/81 MP: 7/7
   403 | D        | Reached XP level 8. HP: 26/91 MP: 8/8
   408 | D        | Paralysed by a hornet for 1 turns
   413 | D        | HP: 4/91 [hornet (15)]
   416 | D        | Killed a hornet
   417 | D        | Reached skill level 10 in Dodging
   417 | D        | HP: 1/92 [poisoned by a hornet]
   417 | D        | Slain by a troll

Illustrated notes

Levels and vault maps discovered:
D:        linesprint [early_d, line_temple, items_1, d_10, items_2, lair_1,
          lair_end, items_3, orc_1, orc_end, items_4, d_15, swamp_1, shoals_1,
          snake_1, spider_1, d_20, vaults_1, items_5, swamp_end, shoals_end,
          snake_end, spider_end, vaults_end, d_27, items_6, zot_1, zot_end,
          crypt_end, forest_end, elf_end, slime_end, tomb_end, abyss_end,
          pan_hell_end]

Skill      XL: |  1  2  3  4  5  6  7  8 |
---------------+-------------------------+-----
Maces & Flails | 3 4 6 10 | 10.7
Dodging        | 3 4 6 9 10 | 10.1
Fighting       | 3 4 5 8 9 |  9.2
Throwing       | 3 5 |  5.6
Stealth        | 1 |  1.6

Action                     |  1- 3 |  4- 6 |  7- 9 || total
---------------------------+-------+-------+-------++-------
  Melee: Flail             |    21 |     2 |       ||    23
         Dire flail        |       |     9 |    12 ||    21
    Use: Potion            |     1 |     5 |     5 ||    11
   Stab: Invisible         |       |     1 |       ||     1
 Armour: Robe              |     9 |     9 |    11 ||    29
  Dodge: Dodged            |     9 |    12 |     8 ||    29

Table legend: (Time is in decaauts)
 A = Elapsed time spent in this place.
 B = Non-inter-level travel time spent in this place.
 C = Inter-level travel time spent in this place.
 D = Time resting spent in this place.
 E = Time spent auto-exploring this place.
 F = Levels seen in this place.
 G = Mean time per level.
                   A        B        C        D        E       F      G
               +--------+--------+--------+--------+--------+-----+--------+
         Total |    432 |    432 |      0 |    293 |      0 |   1 |  432.0 |
       Dungeon |    432 |    432 |      0 |    293 |      0 |   1 |  432.0 |
               +--------+--------+--------+--------+--------+-----+--------+

Top non-repeatable levels by time:
       D: 432 daAuts
